 Dungeon Crawl Stone Soup version 0.30-a0-1114-gd936c97349 (webtiles) character file.

Game seed: 14898461689285956990

2968 Kenran the Grappler (level 9, -3/65 (69) HPs)
             Began as a Demonspawn Fighter on Apr 21, 2023.
             Was a Follower of Fedhas.
             Slain by a wight
             ... wielding a +5 halberd of freezing
              (6 damage)
             ... on level 7 of the Dungeon.
             The game lasted 00:11:48 (6391 turns).

Kenran the Grappler (Demonspawn Fighter)            Turns: 6391, Time: 00:11:49

HP:   -3/65 (69)    AC:  8    Str: 21    XL:     9   Next: 52%
MP:   12/12         EV:  9    Int:  9    God:    Fedhas [*.....]
Gold: 195           SH:  5    Dex: 17    Spells: 8/8 levels left

rFire   + . .      SeeInvis .      - Unarmed
rCold   . . .      Faith    .    b - +0 buckler
rNeg    . . .      Spirit   .    a - +0 scale mail
rPois   +          Reflect  .    (helmet restricted)
rElec   .          Rampage  .    e - scarf {repulsion}
rCorr   .                        w - +0 pair of gloves
Will    .....                    D - +0 pair of boots
Stlth   ++                       (no amulet)
HPRegen 0.30/turn                f - ring of poison resistance
MPRegen 0.13/turn                q - ring of protection from fire

@: drained, repel missiles
A: horns 1, thin skeletal structure 2, demonic guardian 1, spiny 1
a: Renounce Religion


You were on level 7 of the Dungeon.
You worshipped Fedhas.
Fedhas was aware of your devotion.
You visited 2 branches of the dungeon, and saw 8 of its levels.

You collected 195 gold pieces.

Inventory:

Hand Weapons
 C - the +10 short sword "Kenwigau" {pain, rPois rN+ Dex-2}
   (You took it off an orc on level 5 of the Dungeon)

   Dex:       It affects your dexterity (-2).
   rPois:     It protects you from poison.
   rN:        It protects you from negative energy.
Armour
 a - a +0 scale mail (worn)
 b - a +0 buckler (worn)
 e - a scarf of repulsion (worn)
 w - a +0 pair of gloves (worn)
 D - a +0 pair of boots (worn)
Jewellery
 f - a ring of poison resistance (left hand)
 o - a ring of resist corrosion
 q - a ring of protection from fire (right hand)
 y - an amulet of magic regeneration
 H - a +6 ring of intelligence
Wands
 m - a wand of mindburst (14)
 x - a wand of charming (10)
 B - a wand of quicksilver (9)
 G - a wand of flame (5)
Scrolls
 l - 3 scrolls of teleportation
 n - 2 scrolls of amnesia
 p - a scroll of magic mapping
 r - a scroll of blinking
 u - a scroll of fog {unknown}
 v - 2 scrolls of enchant weapon {unknown}
 A - a scroll of torment {!r}
 F - a scroll of enchant armour {unknown}
 I - a scroll of identify {@r1}
Potions
 c - a potion of might
 d - 3 potions of brilliance
 g - 3 potions of heal wounds {@q2}
 h - a potion of attraction {unknown}
 i - 3 potions of berserk rage {unknown}
 j - a potion of mutation {unknown}
 k - a potion of invisibility {unknown}
 s - 2 potions of magic
 t - 2 potions of degeneration {unknown}
 z - a potion of lignification {unknown}
 E - a potion of curing {unknown}


   Skills:
 - Level 6.0 Fighting
 - Level 2.6 Armour
 - Level 2.6 Shields
 + Level 10.8 Unarmed Combat
 - Level 5.0 Invocations


You had 8 spell levels left.
You didn't know any spells.
Your spell library contained the following spells:

 Spells                   Type           Power      Damage    Failure   Level
 Scorch                   Fire           0%         2d5       92%         2
 Vhi's Electric Charge    Tloc/Air       0%         N/A       99%         3
 Flame Wave               Conj/Fire      0%         2d4       100%        4
 Arcjolt                  Conj/Air       0%         1d10      100%        5
 Conjure Ball Lightning   Conj/Air       0%         3x3d6     100%        6
 Summon Cactus Giant      Summ           0%         N/A       100%        6
 Discord                  Hex            0%         N/A       100%        8
 Disjunction              Tloc           0%         N/A       100%        8
 Maxwell's Capacitive Co  Air            0%         ∞         100%        8


Dungeon Overview and Level Annotations

Branches:
Dungeon (7/15)             Temple (1/1) D:6

Altars:
Ashenzari
Cheibriados
Fedhas
Gozag
Hepliaklqana
Makhleb
Nemelex Xobeh
Okawaru
Qazlal
Ru
Trog
Vehumet
Xom
Yredelemnul

Annotations:
D:6 1 exclusion


Innate Abilities, Weirdness & Mutations

You have a pair of small horns on your head.
You have a moderately thin skeletal structure. (Dex +4, Stealth++)
A weak demonic guardian rushes to your aid.
You are partially covered in sharp spines.


Message History

The bolt of dispelling energy hits the ogre!
You kill the ogre!
Fedhas appreciates your contribution to the ecosystem.
You walk carefully through the plants.
You enter the shallow water.
Moving in this stuff is going to be slow.
The wight hits you with a +5 halberd of freezing!
The wight freezes you.
Your unstable footing causes you to fumble your attack.
The wight is struck by your spines.
The wight hits you with a +5 halberd of freezing!
You feel drained. The wight freezes you.
Your unstable footing causes you to fumble your attack.
The wight is struck by your spines.
The wight hits you with a +5 halberd of freezing!
A demonic guardian appears!
The wight freezes you.
You closely miss the wight.
The wight is heavily damaged.
You block the wight's attack. The wight is struck by your spines.
The wight hits you with a +5 halberd of freezing!
The wight freezes you.
* * * LOW HITPOINT WARNING * * *
The wight is struck by your spines.
The wight hits you with a +5 halberd of freezing.
* * * LOW HITPOINT WARNING * * *
You feel drained.
* * * LOW HITPOINT WARNING * * *
The wight freezes you.
* * * LOW HITPOINT WARNING * * *
You are too injured to fight recklessly!
You are too injured to fight recklessly!
You completely miss the wight.
The wight is almost destroyed.
You hit the wight but do no damage.
The wight is almost destroyed.
The wight hits you with a +5 halberd of freezing!
* * * LOW HITPOINT WARNING * * *
The wight freezes you.
You die...
Fedhas appreciates your contribution to the ecosystem.

####..~.~~~~≈≈ ~~.PP....
#......P.PPP~♣♣≈~~~~P..#
#........$.~PP~♣≈♣~PPP..
#...........~P~♣♣≈~~~P##
+..........>PP~~♣♣♣~~~##
#............PP♣~~≈~P...
#.....?....~~~P♣~~~~~...
#.......~.~.~~♣~~~.PP..#
#......@P~~~~♣~~~P#...##
#......Pz~♣~~~~~#######
#....).5~P~~~.#.#
#.....P~~~......#
######.~~P.'####.
####...# #. ...#.. .
.##..#. .


You could see a wight (ally target) and a friendly shadow imp (summoned).

Vanquished Creatures
  Pikel (D:4)
  A hornet (D:7)
  Grinder (D:3)
  Sigmund (D:3)
  2 humans (D:7)
  Eustachio (D:6)
  Menkaure (D:6)
  2 water moccasins (D:6)
  2 ogres
  2 phantoms (D:5)
  3 scorpions
  4 orc priests
  2 jellies
  A gnoll bouda (D:6)
  2 hounds
  2 sleepcaps (D:4)
  An iguana (D:5)
  3 orc wizards
  8 adders
  8 gnolls
  4 ufetubi
  5 worms
  A dart slug (D:5)
  24 orcs
  7 endoplasms
  A giant cockroach (D:2)
  3 hobgoblins
  6 jackals (D:5)
  8 kobolds
  5 quokkas
  7 ball pythons
  3 bats (D:1)
  6 frilled lizards
  4 goblins
  8 rats
140 creatures vanquished.

Vanquished Creatures (collateral kills)
  A white imp (D:6)
  An orc (D:4)
2 creatures vanquished.

Vanquished Creatures (others)
  24 plants (D:7)
  6 withered plants (D:7)
30 creatures vanquished.

Grand Total: 172 creatures vanquished

Notes
Turn   | Place    | Note
-------+----------+-------------------------------------------
     0 | D:1      | Kenran the Demonspawn Fighter began the quest for the Orb.
     0 | D:1      | Reached XP level 1. HP: 18/18 MP: 1/1
   101 | D:1      | Reached skill level 2 in Unarmed Combat
   378 | D:1      | Gained mutation: You have a somewhat thin skeletal
                  | structure. (Dex +2, Stealth+) [demonic ancestry]
   378 | D:1      | Reached XP level 2. HP: 24/24 MP: 2/2
  1028 | D:2      | Reached skill level 3 in Unarmed Combat
  1164 | D:2      | Gained mutation: You have a pair of small horns on your
                  | head. [demonic ancestry]
  1164 | D:2      | Reached XP level 3. HP: 26/29 MP: 3/3
  1980 | D:3      | Reached skill level 4 in Unarmed Combat
  1980 | D:3      | Gained mutation: A weak demonic guardian rushes to your
                  | aid. [demonic ancestry]
  1980 | D:3      | Reached XP level 4. HP: 29/35 MP: 4/4
  2128 | D:3      | You fall into a shaft and drop 1 floor!
  2219 | D:4      | Reached XP level 5. HP: 29/41 MP: 5/5
  2296 | D:3      | Noticed Sigmund
  2314 | D:3      | Killed Sigmund
  2315 | D:3      | Reached skill level 5 in Unarmed Combat
  2315 | D:3      | Reached XP level 6. HP: 37/47 MP: 6/6
  2434 | D:3      | Noticed Grinder
  2443 | D:3      | Paralysed by Grinder for 2 turns
  2449 | D:3      | Killed Grinder
  2450 | D:3      | Reached skill level 6 in Unarmed Combat
  2647 | D:4      | Reached skill level 7 in Unarmed Combat
  2647 | D:4      | Gained mutation: You are partially covered in sharp spines.
                  | [demonic ancestry]
  2647 | D:4      | Reached XP level 7. HP: 35/52 MP: 7/7
  2877 | D:4      | Noticed Pikel
  2883 | D:4      | Killed Pikel
  2884 | D:4      | Reached skill level 8 in Unarmed Combat
  2884 | D:4      | Reached XP level 8. HP: 53/58 MP: 8/8
  3012 | D:4      | Reached skill level 9 in Unarmed Combat
  3200 | D:4      | Found a sparkling altar of Nemelex Xobeh.
  3235 | D:4      | Found a stormy altar of Qazlal.
  3557 | D:5      | Entered Level 5 of the Dungeon
  3782 | D:5      | Found a broken altar of Ashenzari.
  3827 | D:5      | Found a snail-covered altar of Cheibriados.
  4443 | D:5      | Identified the +10 short sword "Kenwigau" {pain, rPois rN+
                  | Dex-2}
  4452 | D:5      | Reached skill level 10 in Unarmed Combat
  4888 | D:6      | Found a staircase to the Ecumenical Temple.
  4903 | Temple   | Entered the Ecumenical Temple
  5133 | Temple   | Became a worshipper of Fedhas Madash
  5212 | D:6      | Noticed a moth of wrath
  5215 | D:6      | Found a bloodstained altar of Trog.
  5277 | D:6      | Noticed Eustachio
  5277 | D:6      | Noticed Menkaure
  5282 | D:6      | Killed Menkaure
  5293 | D:6      | Killed Eustachio
  5294 | D:6      | Reached skill level 5 in Fighting
  5294 | D:6      | Gained mutation: You have a moderately thin skeletal
                  | structure. (Dex +4, Stealth++) [demonic ancestry]
  5294 | D:6      | Reached XP level 9. HP: 22/68 MP: 11/11
  5855 | D:6      | Reached * piety under Fedhas
  6136 | D:7      | Reached skill level 5 in Invocations
  6391 | D:7      | HP: 3/65 [wight/+5 halberd of freezing (11)]
  6391 | D:7      | Slain by a wight

Illustrated notes

Levels and vault maps discovered:
D:1:      denvon_arrival_planthouse, layout_loops_ring, reono_crystal_passage
D:2:      layout_loops_cross
D:3:      layout_loops_ring, nicolae_figureground_sparkle, uniq_grinder,
          uniq_sigmund
D:4:      minmay_wonky_spiral, layout_rooms, general_overflow_altar,
          nicolae_qazlal_general_emergency, serial_rivers,
          chequers_serial_rivers_room_b, chequers_serial_rivers_micro_b,
          chequers_serial_rivers_small_b, chequers_serial_rivers_room_b,
          chequers_serial_rivers_micro_e, roderic_serpentine_path, uniq_pikel
D:5:      layout_loops_corners, kennysheep_slug_shrine, evilmike_ruin_ashenzari,
          chequers_serial_rivers_micro_b
D:6:      layout_gridville, tgw_trog, minmay_temple_entry_statues_pillars,
          uniq_eustachio, uniq_menkaure
D:7:      layout_basic, serial_undead, serial_undead_b, serial_undead_a,
          serial_undead_f, serial_undead_b, hex_large, serial_bayou_lagoon_a,
          minmay_ruffians
Temple:   minmay_temple_curvy_loop

Skill      XL: |  1  2  3  4  5  6  7  8  9 |
---------------+----------------------------+-----
Unarmed Combat | 2 3 4 5 7 8 10 | 10.8
Fighting       | 5 6 |  6.0
Invocations    | 3 5 |  5.0
Armour         | |  2.6
Shields        | |  2.6

Action                     |  1- 3 |  4- 6 |  7- 9 || total
---------------------------+-------+-------+-------++-------
  Melee: Unarmed           |   206 |    50 |   247 ||   503
         Headbutt          |    13 |     9 |    40 ||    62
  Evoke: Wand              |       |       |     4 ||     4
    Use: Scroll            |       |     5 |     4 ||     9
         Potion            |       |     2 |     1 ||     3
   Stab: Distracted        |       |       |     2 ||     2
         Sleeping          |       |       |     1 ||     1
 Armour: Scale mail        |    69 |    15 |    48 ||   132
  Dodge: Dodged            |    77 |    22 |    63 ||   162
         Repelled          |       |     1 |     2 ||     3
  Block: Buckler           |    50 |     9 |    32 ||    91

Table legend: (Time is in decaauts)
 A = Elapsed time spent in this place.
 B = Non-inter-level travel time spent in this place.
 C = Inter-level travel time spent in this place.
 D = Time resting spent in this place.
 E = Time spent auto-exploring this place.
 F = Levels seen in this place.
 G = Mean time per level.
                   A        B        C        D        E       F      G
               +--------+--------+--------+--------+--------+-----+--------+
         Total |   6363 |   6174 |    189 |    840 |   3852 |   8 |  795.4 |
       Dungeon |   6115 |   5974 |    141 |    840 |   3660 |   7 |  873.6 |
        Temple |    247 |    199 |     48 |      0 |    192 |   1 |  247.0 |
               +--------+--------+--------+--------+--------+-----+--------+

Top non-repeatable levels by time:
     D:5: 1302 daAuts
     D:4: 1097 daAuts
     D:6: 1066 daAuts
     D:3: 989 daAuts
     D:1: 768 daAuts
     D:2: 692 daAuts
  Temple: 247 daAuts
     D:7: 199 daAuts
